 Dungeon Crawl Stone Soup version 0.17-a0-1900-g45e8110 (webtiles) character file.

272 Stormsson the Skirmisher (level 6, -2/39 HPs)
             Began as a Gargoyle Berserker on Sept 24, 2015.
             Was a Priest of Trog.
             Shot with an arrow by a centaur (9 damage)
             ... on level 5 of the Dungeon.
             The game lasted 00:09:04 (3322 turns).

Stormsson the Skirmisher (Gargoyle Berserker)       Turns: 3322, Time: 00:09:04

Health: -2/39      AC: 12    Str: 22    XL:     6   Next: 23%
Magic:  5/5        EV: 11    Int:  8    God:    Trog [***...]
Gold:   104        SH:  0    Dex:  9    Spells: 0 memorised, 5 levels left

rFire  . . .     SeeInvis .     a - +0 hand axe
rCold  . . .     Clarity  .     k - +0 ring mail
rNeg   + . .     SustAt   .     (no shield)
rPois  ∞         Gourm    .     (no helmet)
rElec  +         Spirit   .     i - +0 cloak
rCorr  .         Warding  .     r - +0 pair of gloves
rMut   .         Rnd*Tele +     (no boots)
MR     .....                    (no amulet)
Stlth  ..........               (no ring)
                                (no ring)

@: not resistant to hostile enchantments, extremely unstealthy
A: low mp 1, negative energy resistance 1, electricity resistance, teleportitis
1, wild magic 1, unbreathing, petrification resistance, rot immunity, AC +4
a: Burn Spellbooks, Berserk, Trog's Hand, Renounce Religion


You were on level 5 of the Dungeon.
You worshipped Trog.
Trog was most pleased with you.
You were hungry.

You visited 1 branch of the dungeon, and saw 5 of its levels.

You collected 104 gold pieces.

Inventory:

Hand weapons
 a - a +0 hand axe (weapon)
Armour
 b - a +0 animal skin
 f - a +0 leather armour
 i - a +0 cloak (worn)
 k - a +0 ring mail (worn)
 r - a +0 pair of gloves (worn)
Jewellery
 j - an uncursed ring of poison resistance {unknown}
Magical devices
 g - a wand of slowing (17)
Scrolls
 d - a scroll of fear {unknown}
 e - a scroll of amnesia {unknown}
 h - 3 scrolls of identify {unknown}
 l - 4 scrolls of remove curse {unknown}
 m - a scroll of blinking {unknown}
 o - a scroll of enchant weapon {unknown}
Potions
 n - 3 potions of curing
 p - a potion of poison {unknown}
 t - a potion of resistance {unknown}
Comestibles
 c - 2 bread rations
 q - 2 beef jerkies


   Skills:
 + Level 4.5 Fighting
 * Level 4.0 Axes
 + Level 3.6 Armour
 + Level 3.0 Dodging


You had 5 spell levels left.
You didn't know any spells.

Dungeon Overview and Level Annotations

Branches:
Dungeon (5/15)
 Temple: D:4-7

Altars:
Cheibriados
Makhleb
Nemelex Xobeh
The Shining One


Innate Abilities, Weirdness & Mutations

You are resistant to torment.
Your stone body is resilient (AC +4).
You are immune to poison.
You resist negative energy.
You are resistant to electric shocks.
You can survive without breathing.
You are immune to petrification.
You are immune to rotting.
Your magical capacity is low (-10% MP).
You are occasionally teleported to nearby monsters.
Your spells are a little harder to cast, but a little more powerful.


Message History

You open the door. The ogre misses you.
There is an open door here.
You close the door.
An ogre opens the door.
You see here a ring mail.
There is a stone staircase leading down here.
You climb downwards.
A centaur comes into view.
The centaur shouts!
Found a rapier, 13 gold pieces and a royal jelly.
There is a stone staircase leading up here.
The centaur wields a shortbow.
The centaur shoots an arrow.
The arrow hits you but does no damage.
The centaur shoots an arrow.
The arrow hits you!
* * * LOW HITPOINT WARNING * * *
The centaur shoots an arrow.
The arrow hits you but does no damage.
Things that are here:
2 arrows; a rapier The centaur shoots an arrow.
The arrow closely misses you.
The centaur shoots an arrow.
The arrow hits you!
You die...

##.# ##...##
####.#...##
#.........
####....%c.. #
.........#.#.#
#..$..#..#
#..@..(.#
#######.# .#
.# .# .# .# ..


You could see a centaur.

Vanquished Creatures
  A giant frog skeleton (D:4)
  A centaur skeleton (D:4)
  A hound (D:3)
  2 orc priests (D:4)
  A gnoll (D:2)
  2 adders
  An ooze (D:3)
  2 worms (D:2)
  A giant gecko (D:2)
  5 orcs
  3 ball pythons
  6 bats
  4 giant cockroaches
  9 hobgoblins
  9 kobolds
  2 quokkas
  4 giant newts
  18 goblins
  7 jackals
  7 rats
86 creatures vanquished.

Vanquished Creatures (others)
  An orc wizard (D:4)
1 creature vanquished.

Grand Total: 87 creatures vanquished

Notes
Turn   | Place    | Note
--------------------------------------------------------------
     0 | D:1      | Stormsson the Gargoyle Berserker began the quest for the Orb.
     0 | D:1      | Reached XP level 1. HP: 14/14 MP: 1/1
   347 | D:1      | Reached XP level 2. HP: 17/19 MP: 2/2
   591 | D:1      | Gained mutation: You are clumsy. (Dex -2) [potion of mutation]
   591 | D:1      | Gained mutation: Your magical capacity is low (-10% MP). [potion of mutation]
   591 | D:1      | Gained mutation: You have supernaturally acute eyesight. [potion of mutation]
   592 | D:1      | Gained mutation: Your spells are a little harder to cast, but a little more powerful. [potion of mutation]
   592 | D:1      | Lost mutation: You have supernaturally acute eyesight. [potion of mutation]
   902 | D:2      | Reached XP level 3. HP: 23/23 MP: 2/2
   908 | D:2      | Acquired Trog's second power
  1417 | D:2      | Found a snail-covered altar of Cheibriados.
  1428 | D:2      | Reached XP level 4. HP: 15/29 MP: 3/3
  2003 | D:2      | Lost mutation: You are clumsy. (Dex -2) [potion of mutation]
  2003 | D:2      | Gained mutation: You are occasionally teleported to nearby monsters. [potion of mutation]
  2373 | D:3      | Found a burning altar of Makhleb.
  2390 | D:3      | Reached skill level 4 in Fighting
  2390 | D:3      | Reached XP level 5. HP: 19/33 MP: 4/4
  2553 | D:3      | Found a sparkling altar of Nemelex Xobeh.
  2956 | D:4      | Found a glowing golden altar of the Shining One.
  2995 | D:4      | Reached XP level 6. HP: 12/39 MP: 5/5
  3226 | D:4      | Noticed an ogre
  3316 | D:5      | Entered Level 5 of the Dungeon
  3322 | D:5      | Shot with an arrow by a centaur

Vault maps used:
D:1:      tarquinn_simple_flora_water_a
D:2:      cheibriados_altar_wand_db, first_bread, minmay_ruptured, uniq_robin
D:3:      makhleb_heckhound_becter, nemelex_dance_club_becter
D:4:      overflow_temple_1_default
D:5:      lemuel_doored_altar, uniq_pikel, uniq_duvessa

Action                   |  1- 3 |  4- 6 || total
-------------------------+-------+-------++-------
Melee: Hand axe          |   138 |   159 ||   297
Invok: Berserk           |     2 |     1 ||     3
  Use: Potion            |     2 |     2 ||     4
  Eat: Beef jerky        |     1 |       ||     1
       Chunk             |     2 |     2 ||     4
       Meat ration       |       |     1 ||     1
